cohdb
Replays
Latest Replays
All Replays
Popular Replays
Top Player Replays
Match Explorer
How It Works
Community
CoH3 Stats
Reddit
Sign in to upload your games and track your stats! →
Sign in with Steam
딩-고
Match 28264765
Overview
Messages
Build Orders
End
Construct Section Command Post
Selects Heavy Armor Battlegroup
Infantry Section
Infantry Section
Infantry Section
Grenade Package
Selects Engineer Detachments
Construct Platoon Command Post
CMP 15cwt Truck
Forward Retreat Point
Construct Company Command Post
Infantry Training
Selects Crusader AA Medium Tank
Crusader AA Medium Tank
Crusader AA Medium Tank
PR0F11T
엽하
용yong용
恐怖的玲珑心
ParadoxJunkie
Mortifero
Sitting Bull
cm210234
0
0
Comments
sign in to comment!
No comments posted yet!